 Dungeon Crawl Stone Soup version 0.28.0-1-gb440e238dd (webtiles) character file.

Game seed: 14375433648836342305

156 ReploidZero the Conjurer (level 5, -1/38 HPs)
             Began as a Draconian Conjurer on Feb 21, 2022.
             Slain by a black bear (2 damage)
             ... created by the rage of Trog
             ... on level 3 of the Dungeon.
             The game lasted 00:09:41 (3373 turns).

ReploidZero the Conjurer (Draconian Conjurer)       Turns: 3373, Time: 00:09:42

Health: -1/38      AC:  7    Str:  9    XL:     5   Next: 14%
Magic:  10/10      EV: 12    Int: 21    God:
Gold:   120        SH:  0    Dex:  9    Spells: 1/11 levels left

rFire   . . .      SeeInvis .   (no weapon)
rCold   . . .      Faith    .   (no shield)
rNeg    . . .      Spirit   .   (armour unavailable)
rPois   .          Reflect  .   (helmet restricted)
rElec   .          Harm     .   (no cloak)
rCorr   .          Rampage  .   d - +0 pair of gloves
Will    .....                   b - +0 pair of boots
Stlth   +.........              (no amulet)
HPRegen 0.12/turn               c - ring of wizardry
MPRegen 0.12/turn               (no ring)

@: confused
A: AC +5, unfitting armour, cold-blooded
a: no special abilities


You were on level 3 of the Dungeon.
You visited 1 branch of the dungeon, and saw 3 of its levels.

You collected 120 gold pieces.

Inventory:

Armour
 b - a +0 pair of boots (worn)
 d - a +0 pair of gloves (worn)
Magical Staves
 a - a staff of earth
Jewellery
 c - a ring of wizardry (left hand)
 f - an amulet of the acrobat
Scrolls
 e - a scroll of vulnerability {unknown}
Potions
 g - a potion of ambrosia
 j - a potion of curing {unknown}


   Skills:
 - Level 1.7 Dodging
 - Level 1.7 Stealth
 + Level 3.6 Spellcasting
 + Level 5.3 Conjurations
 - Level 1.0 Hexes


You had one spell level left.
You knew the following spells:

 Your Spells              Type           Power      Damage    Failure   Level
a - Magic Dart            Conj           100%       1d8       1%          1
b - Searing Ray           Conj           52%        2d6       1%          2
c - Dazzling Flash        Conj/Hex       34%        N/A       4%          3
d - Iskenderun's Mystic   Conj/Tloc      14%        2d5       16%         4

Your spell library contained the following spells:

 Spells                   Type           Power      Damage    Failure   Level
 Scorch                   Fire           6%         2d5       8%          2
 Fulminant Prism          Conj/Hex       8%         3d7       14%         4
 Flame Wave               Conj/Fire      14%        2d6       16%         4
 Summon Cactus Giant      Summ           1%         N/A       99%         6


Dungeon Overview and Level Annotations

Branches:
Dungeon (3/15)

Altars:
Hepliaklqana
Trog
Yredelemnul

Annotations:
D:2 lake5's ghost, amateur MiFi


Innate Abilities, Weirdness & Mutations

Your plain brown scales are hard. (AC +5)
You cannot fit into any form of body armour.
You are cold-blooded and may be slowed by cold attacks.


Message History

There is an open door here.
Found a flail.
A kobold comes into view. It is wielding a +0 dagger.
A kobold is nearby!
A kobold is nearby!
A kobold is nearby!
Aiming: Magic Dart (safe; 1% risk of failure)
Press: ? - help, Q - select action, (/) - cycle Shift-Dir - straight line, f - kobold
Aim: a kobold, wielding a +0 dagger (100% to hit)
The magic dart hits the kobold.
You kill the kobold!
Unknown command.
Aiming: Magic Dart (safe; 1% risk of failure)
Press: ? - help, Q - select action, (/) - cycle Shift-Dir - straight line, f - you That beam is likely to hit you.
Continue anyway?
Okay, then.
Trog sends monsters to punish you. The divine experience confuses you!
You are confused. 4 black bears and a polar bear come into view.
There are monsters nearby!
There are monsters nearby!
There are monsters nearby!
You miss the black bear.
Your tail-slap misses the black bear.
You bump into the stone wall.
The black bear bites you!
The black bear claws you but does no damage.
The black bear closely misses you.
You bump into the rock wall.
The black bear barely misses you.
The black bear claws you. x2; The black bear barely misses you.
The black bear claws you. The black bear barely misses you.
The black bear misses you. The black bear claws you.
The black bear barely misses you. x2
The black bear claws you but does no damage. x2
You bump into the rock wall.
The polar bear bites you.
* * * LOW HITPOINT WARNING * * *
The polar bear claws you.
* * * LOW HITPOINT WARNING * * *
The polar bear claws you.
* * * LOW HITPOINT WARNING * * *
The black bear closely misses you. The black bear claws you.
You die...

### # ....## #.. ...#. ..+ #.#
.... #.#### ## #.# ...
#.....#####.. #.# . ..
#...#.Z.....# #.# ... #.
#.#.#####Z.## #.#
.....#h#####...## #.##
#.########.)..hh@hh......####.##
#..............#####...........#
...#######..8)##...##.8...####.#
#..# #... #⌠....##...## #.# #..#
#.. #.._...##..# #.# #..### #.#
#⌠......##.# #.# .....# #.#
.##.......#.# #.# ####.#
#.#>..#####...'.## #.#
#.#####.#.......##..#..# #.|


You could see a polar bear (berserk) and 4 black bears.

Vanquished Creatures
  Ijyb (D:3)
  4 adders
  3 gnolls (D:2)
  2 worms (D:2)
  4 dart slugs
  3 orcs (D:3)
  5 ball pythons
  5 bats
  5 endoplasms
  2 giant cockroaches
  5 goblins
  3 hobgoblins
  5 kobolds
  2 frilled lizards (D:1)
  6 rats
55 creatures vanquished.

Vanquished Creatures (collateral kills)
  A bat (D:3)
1 creature vanquished.

Vanquished Creatures (others)
  2 plants (D:2)
2 creatures vanquished.

Grand Total: 58 creatures vanquished

Notes
Turn   | Place    | Note
-------+----------+-------------------------------------------
     0 | D:1      | ReploidZero the Draconian Conjurer began the quest for the
                  | Orb.
     0 | D:1      | Reached XP level 1. HP: 14/14 MP: 3/3
   444 | D:1      | Reached XP level 2. HP: 20/20 MP: 3/5
   744 | D:1      | Learned a level 2 spell: Searing Ray
  1066 | D:2      | Reached XP level 3. HP: 26/26 MP: 4/7
  1073 | D:2      | Learned a level 3 spell: Dazzling Flash
  1286 | D:2      | Reached XP level 4. HP: 33/33 MP: 0/8
  1550 | D:2      | Reached skill level 1 in Hexes
  1724 | D:2      | Found a faded altar of an unknown god.
  2323 | D:3      | Reached skill level 5 in Conjurations
  2437 | D:3      | Noticed Ijyb
  2446 | D:3      | Killed Ijyb
  2529 | D:3      | Found a runed translucent gate.
  2529 | D:3      | Found a runed translucent gate.
  2531 | D:3      | Found a runed translucent gate.
  2553 | D:3      | Noticed lake5's ghost (amateur MiFi)
  2619 | D:3      | Learned a level 4 spell: Iskenderun's Mystic Blast
  2626 | D:3      | Reached XP level 5. HP: 38/38 MP: 4/10
  2814 | D:2      | Prayed at the altar of an unknown god.
  2814 | D:2      | Became a worshipper of Yredelemnul the Dark
  3290 | D:3      | Found a faded altar of an unknown god.
  3294 | D:3      | Found a hazy altar of Hepliaklqana.
  3345 | D:3      | Prayed at the altar of an unknown god.
  3345 | D:3      | Fell from the grace of Yredelemnul
  3345 | D:3      | Became a worshipper of Trog the Wrathful
  3345 | D:3      | Reached * piety under Trog
  3346 | D:3      | Fell from the grace of Trog
  3370 | D:3      | Noticed a black bear
  3370 | D:3      | Noticed a black bear
  3370 | D:3      | Noticed a black bear
  3370 | D:3      | Noticed a black bear
  3370 | D:3      | Noticed a polar bear
  3373 | D:3      | HP: 1/38 [polar bear[the rage of Trog] (2)]
  3373 | D:3      | Slain by a black bear

Illustrated notes

Levels and vault maps discovered:
D:1:      enne_arrival_octagon_isle, layout_basic
D:2:      layout_rooms, shapermc_ecumenical_altar_hornbeckon, minmay_cut_off
D:3:      layout_loops_ring, grunt_temple_overflow_forces_of_nature,
          nicolae_overflow_ecumenical_swirl,
          mainiacjoe_overflow_surrounded_room, gammafunk_ghost_split, uniq_ijyb

Skill      XL: |  1  2  3  4 |
---------------+-------------+-----
Spellcasting   | 3 |  3.6
Hexes          | 1 |  1.0
Conjurations   | 5 |  5.3
Dodging        | |  1.7
Stealth        | |  1.7

Action                   |  1- 3 |  4- 6 || total
-------------------------+-------+-------++-------
Melee: Unarmed           |     8 |    13 ||    21
       Tailslap          |     3 |     4 ||     7
       Dagger            |    13 |    20 ||    33
       Punch             |     1 |       ||     1
 Cast: Magic Dart        |    36 |    36 ||    72
       Searing Ray       |     4 |     9 ||    13
       Iskenderun's Myst |       |     1 ||     1
Invok: Recall Undead Har |       |     1 ||     1
       Renounce Religion |       |     1 ||     1
  Use: Scroll            |     1 |     5 ||     6
 Stab: Sleeping          |       |     2 ||     2
Armor: Skin              |     4 |    24 ||    28
Dodge: Dodged            |    20 |    37 ||    57
